 Dungeon Crawl Stone Soup version 0.22.0-40-g68aacdc (webtiles) character file.

16039 poirepourri the Severer (level 12, 0/115 HPs)
             Began as a Deep Dwarf Fighter on Sept 2, 2018.
             Was an Elder of Makhleb.
             Slain by a death yak (19 damage)
             ... on level 2 of the Lair of Beasts.
             The game lasted 00:10:50 (8744 turns).

poirepourri the Severer (Deep Dwarf Fighter)        Turns: 8744, Time: 00:10:51

Health: 0/115      AC: 10    Str: 20    XL:     12   Next: 6%
Magic:  6/6        EV:  7    Int: 10    God:    Makhleb [****..]
Gold:   633        SH: 12    Dex: 19    Spells: 11/11 levels left

rFire    + + +     SeeInvis .   a - +1 war axe
rCold    + . .     Gourm    +   c - +2 shield
rNeg     . . .     Faith    .   b - +0 scale mail
rPois    +         Spirit   .   m - +0 helmet
rElec    +         Reflect  .   (no cloak)
rCorr    +         Harm     .   w - +1 pair of gloves {Dex+3}
MR       +....     Clarity  +   (no boots)
Stlth    ..........             E - amulet of the gourmand
HPRegen  0.00/turn              p - ring of protection from fire
MPRegen  0.10/turn              z - ring of protection from fire

@: resistant, non-regenerating
A: damage resistance, heal wounds, clarity, sense surroundings 2, no
regeneration
a: Heal Wounds, Minor Destruction, Lesser Servant of Makhleb, Major Destruction,
Renounce Religion


You were on level 2 of the Lair of Beasts.
You worshipped Makhleb.
Makhleb was greatly pleased with you.
You were not hungry.

You visited 2 branches of the dungeon, and saw 13 of its levels.

You collected 633 gold pieces.

Inventory:

Hand Weapons
 a - a +1 war axe (weapon)
Missiles
 k - 125 bolts
 t - 5 tomahawks (quivered)
 v - 9 javelins
Armour
 b - a +0 scale mail (worn)
 c - a +2 shield (worn)
 m - a +0 helmet (worn)
 w - a +1 pair of gloves of dexterity (worn)
Jewellery
 p - a ring of protection from fire (left hand)
 s - a +5 ring of intelligence
 z - a ring of protection from fire (right hand)
 E - an amulet of the gourmand (around neck)
Wands
 h - a wand of random effects (13)
 j - a wand of flame (5)
 l - a wand of iceblast (5)
 o - a wand of enslavement (14)
 r - a wand of polymorph (27)
 u - a wand of paralysis (12)
Scrolls
 e - 7 scrolls of remove curse
 g - 5 scrolls of teleportation
 q - 5 scrolls of magic mapping
 x - a scroll of identify
 y - a scroll of fear
 A - a scroll of blinking
Potions
 F - a potion of brilliance
Comestibles
 f - 23 rations


   Skills:
 - Level 9.4 Fighting
 - Level 17.2 Axes
 - Level 3.2 Armour
 + Level 5.1 Shields


You had 11 spell levels left.
You didn't know any spells.
Your spell library contained the following spells:

 Spells                   Type           Power        Failure   Level  Hunger
 Animate Skeleton         Necr           N/A          98%         1    ##.....
 Apportation              Tloc           #.....       98%         1    ##.....
 Confusing Touch          Hex            #.....       98%         1    ##.....
 Freeze                   Ice            #...         98%         1    ##.....
 Magic Dart               Conj           #...         98%         1    ##.....
 Summon Small Mammal      Summ           #...         98%         1    ##.....
 Blink                    Tloc           N/A          99%         2    ###....
 Call Imp                 Summ           #.......     99%         2    ###....
 Slow                     Hex            #.......     99%         2    ###....
 Throw Frost              Conj/Ice       #.....       99%         2    ###....
 Conjure Flame            Conj/Fire      #.......     100%        3    ####...
 Mephitic Cloud           Conj/Pois/Air  #.......     100%        3    ####...
 Ozocubu's Armour         Chrm/Ice       #.......     100%        3    ####...
 Ice Form                 Ice/Tmut       #.......     100%        4    #####..
 Summon Ice Beast         Ice/Summ       #.......     100%        4    #####..
 Throw Icicle             Conj/Ice       #.......     100%        4    #####..
 Irradiate                Conj/Tmut      #.........   100%        5    ######.
 Metabolic Englaciation   Hex/Ice        #.........   100%        5    ######.
 Bolt of Cold             Conj/Ice       #.........   100%        6    #######
 Freezing Cloud           Conj/Ice/Air   #.........   100%        6    #######
 Hydra Form               Tmut           #.........   100%        6    #######
 Ozocubu's Refrigeration  Ice            #.........   100%        6    #######
 Simulacrum               Ice/Necr       #.........   100%        6    #######
 Statue Form              Tmut/Erth      #........    100%        6    #######
 Dragon Form              Tmut           #.........   100%        7    #######


Dungeon Overview and Level Annotations

Branches:
Dungeon (11/15)            Temple (0/1) D:5            Lair (2/6) D:11
  Snake (0/4) Lair:2
  Swamp: Lair:2-4    Shoals: Lair:2-4       Orc: D:9-12

Altars:
Ashenzari
Dithmenos
Gozag
Makhleb
Okawaru
Qazlal
Ru
Trog
Uskayaw
Vehumet
Yredelemnul


Innate Abilities, Weirdness & Mutations

You are resistant to damage.
You can heal yourself by infusing magical energy.
You passively map the area around you.
You do not regenerate.
You possess an exceptional clarity of mind.


Message History

The death yak is severely wounded.
You hit the death yak.
A killer bee comes into view.
The death yak gores you!!
* * * LOW HITPOINT WARNING * * *
You block the death yak's attack.
You slash the death yak!
The death yak is almost dead.
You hit the death yak. The death yak gores you!
* * * LOW HITPOINT WARNING * * *
Unknown command.
Unknown command.
The killer bee buzzes angrily.
You hit the death yak but do no damage.
The death yak is almost dead.
You hit the death yak but do no damage.
You hear an angry buzzing noise.
The queen bee calls on the killer bee to defend it!
The killer bee goes berserk!
The death yak gores you!!
You die... * , , , * , * ... , , * , .y,,, , ,,yy ,* *#+y*,** * #yyy*

#. * #yY#### .####
#YYY.# ....## ##@#*
.....# ########..####
....####......<.....#
.......'............##
.......#.............#
....P..#..)..........#
....####..)###.......##
>...+#....)..#......#.#
....##.......#.......##


You could see 4 death yaks, a queen bee and 7 killer bees.

Vanquished Creatures
  Josephine (D:10)
  2 two-headed ogres
  Urug (D:11)
  An unseen horror (D:10)
  2 ugly things (D:11)
  A cyclops (D:11)
  A manticore (D:11)
  A spiny frog (Lair:1)
  A centaur skeleton (D:11)
  Prince Ribbit (D:8)
  2 hornets
  3 blink frogs (Lair:1)
  2 hippogriffs
  Sigmund (D:2)
  A spriggan (Lair:1)
  A vampire (D:10)
  A wyvern (D:10)
  Eustachio (D:5)
  8 yaks (Lair:1)
  Grum (D:8)
  3 wraiths (D:10)
  A hungry ghost (D:8)
  3 nagas (Lair:2)
  2 water moccasins
  A porcupine (Lair:1)
  An orc warrior (D:10)
  3 sky beasts
  A hornet zombie (D:10)
  2 necrophages
  A phantom (D:5)
  2 ice beasts (D:10)
  2 ogres
  25 wolves
  4 centaurs
  A crocodile (Lair:2)
  3 big kobolds
  10 bullfrogs
  3 scorpions
  A killer bee (Lair:2)
  2 howler monkeys
  4 crimson imps
  A bullfrog zombie (D:5)
  3 centaur zombies
  2 orc priests
  7 hounds
  2 bullfrog skeletons
  Jessica (D:2)
  2 iguanas
  4 orc wizards
  7 worker ants
  A killer bee zombie (D:8)
  2 hound zombies (D:9)
  4 hound skeletons
  5 adders
  5 gnolls
  A shadow imp (D:7)
  An ooze (D:6)
  A worm (D:2)
  4 dart slugs
  5 leopard geckos
  12 orcs
  9 giant cockroaches
  5 goblins
  10 hobgoblins
  7 jackals
  7 quokkas
  3 ball pythons
  10 bats
  7 frilled lizards
  15 kobolds
  A leopard gecko skeleton (D:7)
  4 rats
  A fungus (Lair:2)
257 creatures vanquished.

Notes
Turn   | Place    | Note
-------+----------+-------------------------------------------
     0 | D:1      | poirepourri the Deep Dwarf Fighter began the quest for the Orb.
     0 | D:1      | Reached XP level 1. HP: 20/20 MP: 1/1
    94 | D:1      | Reached skill level 3 in Axes
    94 | D:1      | Reached XP level 2. HP: 21/27 MP: 2/2
   800 | D:2      | Reached XP level 3. HP: 25/33 MP: 3/3
   837 | D:2      | Reached skill level 4 in Axes
   875 | D:2      | Noticed Jessica
   886 | D:2      | Killed Jessica
  1048 | D:2      | Noticed Sigmund
  1057 | D:2      | Killed Sigmund
  1057 | D:2      | Reached skill level 6 in Axes
  1057 | D:2      | Reached XP level 4. HP: 9/40 MP: 4/4
  1057 | D:2      | Reached XP level 5. HP: 11/46 MP: 5/5
  1456 | D:3      | Reached skill level 7 in Axes
  1509 | D:3      | Reached XP level 6. HP: 32/55 MP: 6/6
  1672 | D:3      | Found an iron altar of Okawaru.
  1997 | D:3      | Found a bloodstained altar of Trog.
  2708 | D:4      | Reached skill level 8 in Axes
  2713 | D:4      | Found a stormy altar of Qazlal.
  2869 | D:4      | Found a stormy altar of Qazlal.
  2901 | D:4      | Noticed an air elemental
  2902 | D:4      | Noticed a fire elemental
  2902 | D:4      | Noticed a water elemental
  2906 | D:4      | Reached XP level 7. HP: 31/61 MP: 7/7
  3126 | D:5      | Entered Level 5 of the Dungeon
  3385 | D:5      | Found a burning altar of Makhleb.
  3397 | D:5      | Became a worshipper of Makhleb the Destroyer
  3456 | D:5      | Reached skill level 9 in Axes
  3476 | D:5      | Noticed Eustachio
  3498 | D:5      | Killed Eustachio
  3733 | D:5      | Found a staircase to the Ecumenical Temple.
  3805 | D:5      | Found a shadowy altar of Dithmenos.
  4112 | D:6      | Reached skill level 10 in Axes
  4198 | D:6      | Reached XP level 8. HP: 66/68 MP: 8/8
  4357 | D:6      | Reached skill level 11 in Axes
  4583 | D:6      | Reached * piety under Makhleb
  4900 | D:7      | Found a radiant altar of Vehumet.
  4914 | D:7      | Noticed a hippogriff
  4933 | D:7      | HP: 3/68 [hippogriff (2)]
  4938 | D:7      | Killed a hippogriff
  4938 | D:7      | Reached skill level 12 in Axes
  5179 | D:7      | Found a hide-covered altar of Uskayaw.
  5395 | D:8      | Gained mutation: You passively map the area around you. [Deep Dwarf growth]
  5395 | D:8      | Reached XP level 9. HP: 55/74 MP: 9/9
  5606 | D:8      | Paralysed by a hornet for 3 turns
  5618 | D:8      | Reached skill level 13 in Axes
  5740 | D:8      | Noticed Prince Ribbit
  5754 | D:8      | Killed Prince Ribbit
  5992 | D:8      | Noticed Grum
  6003 | D:8      | Killed Grum
  6003 | D:8      | Reached skill level 14 in Axes
  6096 | D:9      | Found a basalt altar of Yredelemnul.
  6131 | D:9      | Reached ** piety under Makhleb
  6296 | D:9      | Found an opulent altar of Gozag.
  6328 | D:9      | Found a sacrificial altar of Ru.
  6356 | D:9      | Found a shattered altar of Ashenzari.
  6506 | D:10     | Entered Level 10 of the Dungeon
  6590 | D:10     | Reached skill level 15 in Axes
  6590 | D:10     | Reached XP level 10. HP: 38/81 MP: 10/10
  6624 | D:10     | Noticed a two-headed ogre
  6646 | D:10     | Killed a two-headed ogre
  6768 | D:10     | Killed an unseen horror
  6769 | D:10     | Reached skill level 16 in Axes
  6826 | D:10     | Noticed Josephine
  6845 | D:10     | Killed Josephine
  6872 | D:10     | Reached skill level 17 in Axes
  7105 | D:10     | Reached XP level 11. HP: 55/88 MP: 9/9
  7364 | D:11     | Noticed a two-headed ogre
  7376 | D:11     | Killed a two-headed ogre
  7384 | D:11     | Reached *** piety under Makhleb
  7497 | D:11     | Found a staircase to the Lair.
  7639 | D:11     | Noticed a red ugly thing
  7646 | D:11     | Noticed Urug
  7651 | D:11     | Noticed a red ugly thing
  7655 | D:11     | Gained mutation: You evolve. [potion of mutation]
  7655 | D:11     | Gained mutation: You possess an exceptional clarity of mind. [potion of mutation]
  7669 | D:11     | Killed a red ugly thing
  7669 | D:11     | Reached skill level 5 in Fighting
  7671 | D:11     | Killed a red ugly thing
  7683 | D:11     | Killed Urug
  7746 | D:11     | Identified a scroll of acquirement
  7799 | Lair:1   | Entered Level 1 of the Lair of Beasts
  7991 | Lair:1   | Noticed a spriggan rider
  7998 | Lair:1   | Reached **** piety under Makhleb
  8152 | Lair:1   | Lost mutation: You evolve. [evolution]
  8277 | Lair:1   | Reached XP level 12. HP: 85/115 MP: 6/6
  8620 | Lair:2   | Found a staircase to the Snake Pit.
  8645 | Lair:2   | Reached skill level 5 in Shields
  8722 | Lair:2   | Noticed a death yak
  8722 | Lair:2   | Noticed a death yak
  8724 | Lair:2   | Noticed a death yak
  8732 | Lair:2   | Noticed a death yak
  8744 | Lair:2   | Slain by a death yak

Skill      XL: |  1  2  3  4  5  6  7  8  9 10 11 12 |
---------------+-------------------------------------+-----
Axes           | 3 6 7 8 10 12 15 17 | 17.2
Fighting       | 9 |  9.4
Shields        | 4 5 |  5.1
Armour         | |  3.2

Action                   |  1- 3 |  4- 6 |  7- 9 | 10-12 || total
-------------------------+-------+-------+-------+-------++-------
Melee: War axe           |   106 |   142 |   397 |   392 ||  1037
       Unarmed           |       |       |    11 |       ||    11
 Abil: Heal Wounds       |       |     2 |    11 |    23 ||    36
Evoke: Wand              |       |       |     2 |    11 ||    13
  Use: Potion            |     4 |       |     6 |    10 ||    20
       Scroll            |     3 |     5 |    10 |    10 ||    28
 Stab: Confused          |       |       |     1 |       ||     1
       Invisible         |       |       |     2 |       ||     2
  Eat: Ration            |     1 |     1 |     6 |       ||     8
       Chunk             |       |     1 |     2 |       ||     3
Armor: Scale mail        |    55 |    53 |   145 |   177 ||   430
       Skin              |       |       |       |    39 ||    39
Dodge: Dodged            |    40 |    25 |   101 |   139 ||   305
Block: Shield            |    67 |    61 |   192 |   262 ||   582
